 Dungeon Crawl Stone Soup version 0.22.0-16-gc6d26f69f9 (webtiles) character file.

290158 Enish the Tortoise (level 19, -28/223 HPs)
             Began as a Deep Dwarf Fighter on Aug 17, 2018.
             Was the Champion of Makhleb.
             Annihilated by a stone giant (illusionary) (33 damage)
             ... on level 3 of the Vaults.
             The game lasted 01:07:49 (33546 turns).

Enish the Tortoise (Deep Dwarf Fighter)            Turns: 33546, Time: 01:07:50

Health: -28/223    AC: 30    Str: 30    XL:     19   Next: 93%
Magic:  1/1        EV: 18    Int: 10    God:    Makhleb [******]
Gold:   2041       SH: 19    Dex: 17    Spells: 38/38 levels left

rFire    + + .     SeeInvis +   R - +9 sword of Zonguldrok {reap}
rCold    + . .     Gourm    .   C - +0 shield
rNeg     + . .     Faith    .   M - +5 ice dragon scales "Muhuas" {rF- rC++ MR+++ Str+5 Slay-4}
rPois    +         Spirit   .   a - +1 helmet
rElec    .         Reflect  +   L - scarf {cloud immunity}
rCorr    .         Harm     .   G - +2 pair of gloves {archery}
MR       +++++                  y - +1 pair of boots of Duomiog {rPois}
Stlth    ..........             P - +3 amulet of reflection
HPRegen  0.00/turn              c - ring "Utioloan" {rF+++ rC- Dex+3 SInv Stlth-}
MPRegen  0.07/turn              o - ring of poison resistance

@: non-regenerating
A: damage resistance, heal wounds, thin skeletal structure 1, negative energy
resistance 1, sense surroundings 3, robust 2, weak 1, MP-powered wands, no
regeneration
}: 2/15 runes: decaying, gossamer
a: Heal Wounds, Minor Destruction, Lesser Servant of Makhleb, Major Destruction,
Greater Servant of Makhleb, Renounce Religion


You were on level 3 of the Vaults.
You worshipped Makhleb.
Makhleb was exalted by your worship.
You were very hungry.

You visited 7 branches of the dungeon, and saw 35 of its levels.
You also visited: Ice Cave, Volcano and Desolation.

You collected 4802 gold pieces.
You spent 2761 gold pieces at shops.

Inventory:

Hand Weapons
 f - a +2 hand axe of electrocution
 R - the +9 sword of Zonguldrok (weapon) {reap}
   (You found it in the Desolation of Salt)

   If a monster killed with it leaves a corpse in good enough shape, the corpse
   will be animated as a zombie friendly to the killer.
Armour
 a - a +1 helmet (worn)
 y - the +1 pair of boots of Duomiog (worn) {rPois}
   (You found it in the Desolation of Salt)

   It protects you from poison.
 C - a +0 shield (worn)
 G - a +2 pair of gloves of archery (worn)
 L - a scarf of cloud immunity (worn)
 M - the +5 ice dragon scales "Muhuas" (worn) {rF- rC++ MR+++ Str+5 Slay-4}
   (You bought it in a shop on level 2 of the Orcish Mines)

   It affects your strength (+5).
   It affects your accuracy and damage with ranged weapons and melee attacks
   (-4).
   It makes you vulnerable to fire.
   It greatly protects you from cold.
   It affects your resistance to hostile enchantments.
Jewellery
 b - the amulet "Miwohaum" {Faith rF+}
   (You found it on level 4 of the Spider Nest)

   [amulet of faith]

   It allows you to gain divine favour quickly.
   It protects you from fire.
 c - the ring "Utioloan" (left hand) {rF+++ rC- Dex+3 SInv Stlth-}
   (You found it on level 3 of the Swamp)

   [ring of dexterity]

   It affects your dexterity (+3).
   It renders you almost immune to fire.
   It makes you vulnerable to cold.
   It lets you see invisible.
   It makes you less stealthy.
 k - an uncursed ring of resist corrosion
 m - an uncursed ring of protection from magic
 o - a ring of poison resistance (right hand)
 E - an uncursed ring of flight {unknown}
 N - an uncursed amulet of the gourmand
 P - a +3 amulet of reflection (around neck)
 Q - an uncursed amulet of rage
 Y - an uncursed ring of protection from magic
 Z - a +2 ring of dexterity {unknown}
Wands
 j - a wand of acid (7)
 v - a wand of digging (34)
 x - a wand of paralysis (31)
 B - a wand of clouds (1)
 J - a wand of enslavement (13)
 S - a wand of disintegration (18)
 V - a wand of iceblast (7)
Scrolls
 i - 9 scrolls of magic mapping
 r - 13 scrolls of identify
 t - 4 scrolls of teleportation
 w - 5 scrolls of amnesia
 z - 2 scrolls of blinking
 D - 16 scrolls of remove curse
 F - a scroll of summoning
 T - a scroll of silence
 U - a scroll of fog
Potions
 d - a potion of might
 g - 5 potions of brilliance
 h - 4 potions of haste
 l - 2 potions of mutation
 n - a potion of resistance
 p - 6 potions of lignification
 q - 6 potions of curing
 s - 3 potions of agility
 u - 4 potions of cancellation
 A - 6 potions of ambrosia
 H - a potion of invisibility
 K - 2 potions of berserk rage
 X - 3 potions of flight
Miscellaneous
 I - a phial of floods
 O - a lightning rod (4/4)
 W - a phantom mirror
Comestibles
 e - 42 rations


   Skills:
 - Level 15.2 Fighting
 * Level 6.2 Long Blades
 - Level 14.4 Axes
 - Level 17.7 Armour
 - Level 11.0 Dodging
 - Level 17.6 Shields
 - Level 10.4 Spellcasting
 - Level 10.4 Invocations
 - Level 8.5 Evocations


You had 38 spell levels left.
You didn't know any spells.
Your spell library was empty.

Dungeon Overview and Level Annotations

Branches:
Dungeon (15/15)            Temple (1/1) D:5            Lair (6/6) D:9
  Swamp (4/4) Lair:4       Spider (4/4) Lair:2        Slime (0/5) Lair:5
    Orc (2/2) D:11            Elf (0/3) Orc:2        Vaults (3/5) D:14
  Crypt (0/3) Vaults:2     Depths (0/5) D:15

Altars:
Ashenzari
Cheibriados
Dithmenos
Elyvilon
Fedhas
Gozag
Hepliaklqana
Kikubaaqudgha
Makhleb
Nemelex Xobeh
Okawaru
Qazlal
Ru
Sif Muna
Trog
Uskayaw
Vehumet
Wu Jian
Xom
Yredelemnul
Zin
The Shining One

Shops:
D:7 !   D:13 [   D:14 !   Orc:2 [*(*   Vaults:1 *   Vaults:2 :   Vaults:3 *

Annotations:
Swamp:2 exclusion: Roxanne, Roxanne


Innate Abilities, Weirdness & Mutations

You are resistant to damage.
You can heal yourself by infusing magical energy.
You resist negative energy. (rN+)
You passively map a large area around you.
You do not regenerate.
You have a somewhat thin skeletal structure. (Dex +2, Stealth)
You are very robust. (+20% HP)
You are weak. (Str -2)
You expend magic power (3 MP) to strengthen your wands.


Message History

The ogre barely misses your orc knight zombie.
The boggart hits Frederick but does no damage.
A two-headed ogre comes into view. It is wielding two dire flails.
The tengu reaver simulacrum hits Frederick but does no damage.
The tengu reaver simulacrum pecks Frederick but does no damage.
The tengu reaver simulacrum claws Frederick but does no damage.
You block the stone giant's attack. 2 two-headed ogres come into view.
The two-headed ogre shouts in stereo! x2
The boggart hits your orc knight zombie but does no damage.
Frederick hits the two-headed ogre with an eveningstar of flaming.
Frederick burns the two-headed ogre.
The ogre closely misses your orc knight zombie. x2
Your orc knight zombie closely misses the boggart.
Your orc knight zombie hits the ogre mage with an enchanted battleaxe!
Your orc knight zombie misses the tengu reaver simulacrum.
Your orc knight zombie barely misses the ogre.
Your orc knight zombie hits the ogre with an enchanted battleaxe!
The stone giant hits you!!
You die...

***,,,*,,,,,*,*,,,*,*,,,,,,,,*
*,*,,,#.....#,**,**,*,,,,,,,,*
*+*+,,#.....#,,,,,,,*,,,,,,,,*
,,,***#....C#,,,,,,,*,,,,,,,,*
,,,+,*#..c..#,,,,,,,*,,,,,,,,*
,,,***#..gR.#,**,**,*,,,,,,,,*
***+,,#.c.g.#,*,,,*,*,,,,,,,,*
*,+,,,#.cgOZ#+#######...,,,,,*
***,,,#OpOZZOpCC@OO...O.,,,,,*
#####+#ccO#'#pp##O..O.O.,,,,,*
....Z....##(yyR.##.O.O..,,,,,*
..Z.....##...pp..##.....,,,,,*
.......##...p.....##....,,,,,*
####...#.....>.(...#....,,,,,*
***#...##.........##,...,,,,,*
,,*#....##.......##,,,..,,,,,*
,,*#.....##.....##,,,,,,,,,,,*


You could see 2 stone giants, 2 vault wardens, 6 two-headed ogres, 2 ogre magi,
2 moths of wrath shaped shifter, an ironbrand convoker, 4 ogres, a boggart, a
tengu reaver simulacrum, a friendly orc knight zombie and the friendly Frederick
the demigod zombie.

Vanquished Creatures
  Frederick (Vaults:3)
  Frances (Swamp:2)
  2 thorn hunters (Swamp:3)
  2 azure jellies (Swamp:4)
  A frost giant (Vaults:3)
  3 emperor scorpions
  A ghost moth (Spider:4)
  7 vault wardens
  An imperial myrmidon (Desolation)
  A war gargoyle (Vaults:1)
  7 ironheart preservers
  2 very ugly things (Vaults:2)
  2 entropy weavers
  Azrael (D:12)
  A stone giant (Vaults:2)
  2 halazid warlocks (Desolation)
  A dire elephant (Lair:4)
  2 fire dragons
  6 ragged hierophants (Desolation)
  Josephine (D:10)
  A crystal guardian (Desolation)
  2 yaktaur captains
  Erolcha (Orc:1)
  A great orb of eyes (Vaults:1)
  6 servants of whispers (Desolation)
  7 peacekeepers (Desolation)
  8 ice dragons
  5 vault guards
  10 hydras
  6 ghost crabs
  An anaconda (shapeshifter) (Vaults:1)
  5 alligators
  11 centaur warriors
  A catoblepas (D:14)
  5 death scarabs (Spider:4)
  An anaconda (Lair:6)
  9 ogre magi
  22 two-headed ogres
  3 death yaks (Lair:6)
  4 tengu warriors
  3 deep troll earth magi
  A hell knight (Volcano)
  4 deep elf knights
  A salamander mystic (Volcano)
  A spectral emperor scorpion (Spider:4)
  8 deep trolls
  A spriggan druid (Swamp:2)
  A shambling mangrove (Swamp:3)
  3 unseen horrors
  3 wizards
  3 lindwurms (Lair:6)
  2 swamp dragons
  11 ironbrand convokers
  2 spectral wolf spiders (Spider:4)
  A phantasmal warrior (Vaults:2)
  A necromancer (Vaults:1)
  4 orc knights
  3 harpies (Vaults:2)
  7 orb spiders
  22 ugly things
  A human zombie (Vaults:1)
  2 deep elf magi
  13 wolf spiders
  2 orb spiders (shapeshifter)
  5 wolf spider zombies
  6 salamanders (Volcano)
  9 cyclopes
  3 moths of wrath
  2 salamanders (shapeshifter)
  12 vault sentinels
  8 centaur zombies
  22 elephants
  3 black mambas
  2 frost giant skeletons (Vaults:1)
  5 torpor snails (Lair:6)
  3 manticores
  2 guardian serpents (Desolation)
  Psyche (D:12)
  An ice statue (IceCv)
  14 spiny frogs
  A spiny frog (shapeshifter) (Vaults:3)
  A yaktaur zombie (Vaults:1)
  A gargoyle (D:15)
  3 spectral redbacks (Spider:4)
  5 komodo dragons
  2 rime drakes
  A kobold demonologist (D:13)
  3 demonic crawlers
  7 freezing wraiths
  17 yaktaurs
  14 trolls
  5 tyrant leeches
  2 spectral jumping spiders (Spider:4)
  18 jumping spiders
  3 polar bears
  Grinder (D:3)
  5 spectral tarantellas (Spider:4)
  23 hornets
  58 saltlings (Desolation)
  12 blink frogs
  2 tarantella zombies (Spider:4)
  3 bog bodies
  A frost giant simulacrum (Vaults:2)
  14 hippogriffs
  A jumping spider zombie (Spider:4)
  14 slime creatures
  A meliai zombie (D:11)
  56 redbacks
  A shadow (Swamp:3)
  A spriggan (shapeshifter) (Vaults:2)
  22 tarantellas
  3 wraiths
  6 spriggans
  A vampire (D:13)
  75 yaks
  2 basilisks
  4 hungry ghosts
  Grum (D:8)
  2 fire elementals (D:12)
  5 swamp worm simulacra (Swamp:4)
  15 vampire mosquitoes
  4 wargs
  10 swamp worms
  13 insubstantial wisps
  2 soldier ants
  2 acid dragons
  A deep troll zombie (Vaults:1)
  2 hell hounds (D:12)
  10 porcupines
  A spectral hornet (Spider:4)
  7 water moccasins
  13 hydra simulacra (Swamp:4)
  A swamp drake (Swamp:3)
  4 black bears
  2 hornet zombies
  23 orc warriors
  A sky beast (D:12)
  18 ice beasts
  3 phantoms
  9 boggarts
  32 ogres
  27 centaurs
  11 wolves
  14 crocodiles
  A big kobold (D:13)
  13 bullfrogs
  A gnoll sergeant (D:12)
  6 scorpions
  15 killer bees
  5 wights (D:13)
  7 howler monkeys
  7 crimson imps
  2 bullfrog zombies
  4 jellies
  A lava snake (D:14)
  2 bullfrog skeletons (D:11)
  6 centaur skeletons
  8 hounds
  15 orc priests
  16 orc wizards
  6 iguanas
  A hell rat (Lair:6)
  14 worker ants
  A hound zombie (D:5)
  2 hound skeletons
  4 worker ant zombies
  A howler monkey zombie (D:8)
  18 adders
  10 gnolls
  A howler monkey skeleton (D:10)
  2 shadow imps
  An ooze (D:2)
  3 swamp drake simulacra (Swamp:4)
  An adder skeleton (D:7)
  3 worms
  A dart slug (D:3)
  7 leopard geckos
  92 orcs
  3 ball pythons (D:3)
  5 giant cockroaches
  5 hobgoblins
  19 jackals
  9 quokkas
  5 bats
  13 frilled lizards
  7 goblins
  A jackal skeleton (D:4)
  16 kobolds
  A leopard gecko skeleton (D:4)
  11 rats
  A briar patch (Swamp:3)
  7 fungi
  4 plants
1358 creatures vanquished.

Vanquished Creatures (collateral kills)
  Arachne (Spider:4)
  2 thorn hunters (Swamp:3)
  A frost giant (Vaults:3)
  A ghost moth (Spider:4)
  An orc warlord (Orc:1)
  A vault warden (Vaults:3)
  An emperor scorpion (Spider:4)
  2 entropy weavers
  2 spark wasps
  A crystal guardian (Desolation)
  2 ragged hierophants (Desolation)
  Harold (D:11)
  An ice dragon (Lair:6)
  10 hydras
  A servant of whispers (Desolation)
  A catoblepas (Lair:6)
  3 peacekeepers (Desolation)
  2 dancing weapons (D:14)
  3 death scarabs (Spider:4)
  5 two-headed ogres (Orc:2)
  3 alligators
  2 spriggans
  2 ironbrand convokers
  A lindwurm (Lair:6)
  A cyclops (Orc:2)
  5 wolf spiders
  2 orb spiders (Spider:4)
  A moth of wrath (Spider:4)
  A manticore (Lair:6)
  An elephant (Lair:6)
  2 torpor snails (Lair:6)
  A gargoyle (D:14)
  A molten gargoyle (Desolation)
  A komodo dragon (Lair:6)
  3 spiny frogs
  2 rime drakes (Lair:6)
  3 demonic crawlers (Spider:4)
  4 tyrant leeches
  7 jumping spiders
  4 trolls
  2 spectral tarantellas (Spider:4)
  6 hornets
  2 dream sheep (Lair:6)
  A bog body (Swamp:3)
  5 saltlings (Desolation)
  A jumping spider zombie (Spider:4)
  11 redbacks
  2 wraiths (D:11)
  7 tarantellas
  A vampire mosquito (Swamp:1)
  2 swamp worms
  2 hydra simulacra (Swamp:4)
  A water moccasin (Lair:6)
  A swamp drake (Swamp:1)
  3 orc warriors
  3 ogres
  2 bullfrogs (D:11)
  A killer bee (D:12)
  2 orc priests (Orc:1)
  3 orc wizards
  An adder (D:11)
  11 orcs
159 creatures vanquished.

Vanquished Creatures (others)
  A ghost crab (Swamp:4)
  An alligator (Swamp:1)
  2 cyclopes
  2 yaktaurs (Vaults:3)
  A tyrant leech (Swamp:1)
  A swamp worm (Swamp:1)
  An orc warrior (Vaults:1)
  3 centaurs
  A ball lightning (Swamp:3)
  5 fungi
  8 plants (Lair:6)
26 creatures vanquished.

Grand Total: 1543 creatures vanquished

Notes
Turn   | Place    | Note
-------+----------+-------------------------------------------
     0 | D:1      | Enish the Deep Dwarf Fighter began the quest for the Orb.
     0 | D:1      | Reached XP level 1. HP: 20/20 MP: 1/1
   153 | D:1      | Reached XP level 2. HP: 12/27 MP: 2/2
   540 | D:2      | Reached XP level 3. HP: 32/34 MP: 2/2
  1006 | D:2      | Reached XP level 4. HP: 23/42 MP: 3/3
  1424 | D:3      | Noticed Grinder
  1436 | D:3      | Paralysed by Grinder for 4 turns
  1445 | D:3      | Paralysed by Grinder for 5 turns
  1457 | D:3      | Killed Grinder
  1457 | D:3      | Reached XP level 5. HP: 33/50 MP: 3/3
  1457 | D:3      | Reached XP level 6. HP: 38/57 MP: 4/4
  1616 | D:3      | Found a bloodstained altar of Trog.
  1802 | D:3      | Reached skill level 5 in Armour
  1913 | D:3      | Reached skill level 5 in Shields
  2243 | D:4      | Reached XP level 7. HP: 64/64 MP: 5/5
  2280 | D:4      | Reached skill level 1 in Spellcasting
  2472 | D:4      | Reached skill level 5 in Axes
  2574 | D:4      | Reached XP level 8. HP: 53/73 MP: 7/7
  2958 | D:4      | Reached skill level 5 in Fighting
  3014 | D:5      | Entered Level 5 of the Dungeon
  3056 | D:5      | Found a staircase to the Ecumenical Temple.
  3065 | Temple   | Entered the Ecumenical Temple
  4253 | D:6      | Reached skill level 1 in Evocations
  4616 | D:6      | Noticed a deep elf mage
  4631 | D:6      | Killed a deep elf mage
  4631 | D:6      | Gained mutation: You passively map the area around you. [Deep Dwarf growth]
  4631 | D:6      | Reached XP level 9. HP: 31/82 MP: 7/7
  4900 | D:7      | Gained mutation: You are robust. (+10% HP) [potion of mutation]
  4900 | D:7      | Gained mutation: You are somewhat resistant to further mutation. [potion of mutation]
  5109 | D:7      | Reached skill level 5 in Evocations
  5214 | D:7      | Found Noreock's Distillery.
  5220 | D:7      | Bought a potion of heal wounds for 65 gold pieces
  5220 | D:7      | Bought a potion of curing for 39 gold pieces
  5220 | D:7      | Bought a potion of resistance for 130 gold pieces
  5220 | D:7      | Bought a potion of haste for 130 gold pieces
  5220 | D:7      | Bought a potion of heal wounds for 65 gold pieces
  5398 | D:8      | Noticed Grum
  5423 | D:8      | Reached XP level 10. HP: 35/101 MP: 5/5
  5475 | D:8      | Killed Grum
  5496 | D:8      | Noticed a seven-headed hydra
  5513 | D:8      | Killed a ten-headed hydra
  5753 | D:8      | Found a burning altar of Makhleb.
  5776 | D:8      | Became a worshipper of Makhleb the Destroyer
  6086 | D:9      | Noticed an elephant
  6116 | D:9      | Killed an elephant
  6136 | D:9      | Found a staircase to the Lair.
  6698 | Lair:1   | Entered Level 1 of the Lair of Beasts
  6789 | Lair:1   | Reached XP level 11. HP: 99/112 MP: 4/4
  6795 | Lair:1   | Reached * piety under Makhleb
  6980 | Lair:1   | Identified a scroll of acquirement
  6983 | Lair:1   | Got a faintly glowing battleaxe
  6989 | Lair:1   | Identified the +1 battleaxe of Somewhere Else {chop, Dex+3} (You acquired it on level 1 of the Lair of Beasts)
  7336 | Lair:1   | Noticed a four-headed hydra
  7347 | Lair:1   | Killed a five-headed hydra
  7347 | Lair:1   | Reached skill level 10 in Armour
  7371 | Lair:1   | You fall through a shaft!
  7371 | Lair:2   | Found a hole to the Spider Nest.
  7377 | Lair:2   | Reached skill level 10 in Shields
  7413 | Lair:2   | Reached ** piety under Makhleb
  7601 | Lair:2   | Reached skill level 10 in Axes
  7705 | Lair:2   | Found a dark tunnel.
  7710 | Volcano  | Entered a volcano
  7726 | Volcano  | Noticed a salamander mystic
  7729 | Volcano  | Found a bloodstained altar of Trog.
  7740 | Volcano  | Killed a salamander mystic
  7741 | Volcano  | Noticed a hell knight
  7761 | Volcano  | Killed a hell knight
  7761 | Volcano  | Reached XP level 12. HP: 101/125 MP: 4/4
  8683 | Lair:3   | Found a frozen archway.
  8690 | Lair:3   | Reached *** piety under Makhleb
  8710 | IceCv    | Entered an ice cave
  8858 | IceCv    | Identified the +1 scale mail of Yredelemnul {rElec} (You found it in an ice cave)
  9102 | Lair:3   | Noticed an eight-headed hydra
  9120 | Lair:3   | Killed an eight-headed hydra
  9293 | Lair:3   | Reached skill level 1 in Invocations
  9959 | Lair:4   | Reached skill level 10 in Fighting
  9982 | Lair:4   | Reached **** piety under Makhleb
 10056 | Lair:4   | Reached XP level 13. HP: 135/135 MP: 4/4
 10076 | Lair:4   | Reached skill level 5 in Invocations
 10415 | Lair:4   | Noticed a dire elephant
 10441 | Lair:4   | Killed a dire elephant
 10532 | Lair:4   | Found a staircase to the Swamp.
 10732 | Lair:5   | Reached ***** piety under Makhleb
 10994 | Lair:5   | Found a staircase to the Slime Pits.
 11253 | Lair:6   | Entered Level 6 of the Lair of Beasts
 12007 | Lair:2   | Identified the +5 scale mail of Sin {-Cast rElec rPois} (You found it on level 2 of the Lair of Beasts)
 12252 | Lair:6   | Gained mutation: You resist negative energy. (rN+) [Deep Dwarf growth]
 12252 | Lair:6   | Reached XP level 14. HP: 130/146 MP: 5/5
 12387 | Lair:6   | Reached skill level 10 in Invocations
 12407 | Lair:6   | Identified the +3 great sword of the Spinneret {holy, -Tele rElec Stlth+} (You found it on level 6 of the Lair of Beasts)
 12523 | Lair:6   | Found a runed door.
 12626 | Lair:6   | Paralysed by a hornet for 2 turns
 13335 | D:10     | Entered Level 10 of the Dungeon
 14036 | D:11     | Noticed Josephine
 14052 | D:10     | Killed Josephine
 14316 | D:11     | Noticed Harold
 14331 | D:11     | Killed Harold
 14463 | D:11     | Found a staircase to the Orcish Mines.
 14742 | D:11     | Reached skill level 1 in Dodging
 15012 | Orc:1    | Entered Level 1 of the Orcish Mines
 15121 | Orc:2    | Entered Level 2 of the Orcish Mines
 15121 | Orc:2    | Found a staircase to the Elven Halls.
 15414 | Orc:1    | Noticed Erolcha
 15439 | Orc:1    | Killed Erolcha
 15473 | Orc:1    | Noticed an orc warlord
 15508 | Orc:1    | Killed an orc warlord
 15813 | Orc:2    | Found Duisu's Antique Armour Shop.
 15852 | Orc:2    | Reached XP level 15. HP: 143/156 MP: 2/2
 15857 | Orc:2    | Reached skill level 5 in Spellcasting
 15901 | Orc:2    | Found Dint's Weapon Shoppe.
 15912 | Orc:2    | Found Muoq's General Store.
 16146 | Orc:2    | Found Vebidan's Assorted Antiques.
 16165 | Orc:2    | Bought scorched ice dragon scales for 1885 gold pieces
 16175 | Orc:2    | Identified the +5 ice dragon scales "Muhuas" {rF- rC++ MR+++ Str+5 Slay-4} (You bought it in a shop on level 2 of the Orcish Mines)
 16264 | Orc:2    | Found a deep blue altar of Sif Muna.
 16321 | Orc:2    | Bought a potion of agility for 76 gold pieces
 17091 | D:12     | Noticed Psyche
 17108 | D:12     | Killed Psyche
 17149 | D:12     | Noticed Azrael
 17212 | D:12     | Killed Azrael
 17733 | D:13     | Found Pepis's Armour Emporium.
 18674 | D:14     | Found a gate to the Vaults.
 18930 | D:14     | Found Wittys's Distillery.
 18938 | D:14     | Bought a potion of curing for 36 gold pieces
 18938 | D:14     | Bought a potion of curing for 36 gold pieces
 18938 | D:14     | Bought a potion of might for 48 gold pieces
 18938 | D:14     | Bought a potion of heal wounds for 60 gold pieces
 18938 | D:14     | Bought a potion of flight for 36 gold pieces
 18938 | D:14     | Bought a potion of flight for 36 gold pieces
 19251 | D:15     | Entered Level 15 of the Dungeon
 19272 | D:15     | Reached skill level 5 in Dodging
 19609 | D:15     | Found a staircase to the Depths.
 19942 | D:15     | Reached XP level 16. HP: 153/167 MP: 5/7
 20292 | Swamp:1  | Entered Level 1 of the Swamp
 20311 | Swamp:1  | Reached ****** piety under Makhleb
 20402 | Spider:1 | Entered Level 1 of the Spider Nest
 23446 | Spider:4 | Entered Level 4 of the Spider Nest
 23793 | Spider:4 | Noticed Arachne
 23817 | Spider:4 | Killed Arachne
 23825 | Spider:4 | Identified the amulet "Miwohaum" {Faith rF+} (You found it on level 4 of the Spider Nest)
 24379 | Spider:4 | Reached XP level 17. HP: 169/178 MP: 8/8
 24767 | Spider:4 | Reached skill level 15 in Armour
 24875 | Spider:4 | Got a gossamer rune of Zot
 25196 | Swamp:1  | Reached skill level 15 in Shields
 25849 | Swamp:2  | Noticed Frances
 25870 | Swamp:2  | Killed Frances
 26154 | Swamp:2  | Noticed Roxanne
 26381 | Swamp:3  | Found a transporter.
 26578 | Swamp:3  | Found a transporter.
 26673 | Swamp:3  | Got a clouded platinum ring
 26674 | Swamp:3  | Identified the ring "Emung" {AC+2 SInv} (You found it on level 3 of the Swamp)
 26683 | Swamp:3  | Identified the Handbook of Transmigration
 26689 | Swamp:3  | Identified the ring "Utioloan" {rF+++ rC- Dex+3 SInv Stlth-} (You found it on level 3 of the Swamp)
 27244 | Swamp:4  | Entered Level 4 of the Swamp
 27477 | Swamp:4  | Reached skill level 10 in Dodging
 27600 | Swamp:4  | Got a decaying rune of Zot
 27935 | Vaults:1 | Entered Level 1 of the Vaults
 27972 | Vaults:1 | Gained mutation: You passively map a large area around you. [Deep Dwarf growth]
 27972 | Vaults:1 | Reached XP level 18. HP: 171/191 MP: 3/3
 28159 | Vaults:1 | Found Jyll's Assorted Antiques.
 29116 | Vaults:1 | Identified the Compendium of Curses
 29880 | Vaults:2 | Found Dosol's Book Emporium.
 30223 | Vaults:2 | Reached XP level 19. HP: 186/201 MP: 4/4
 30502 | Vaults:2 | Found a staircase to the Crypt.
 30672 | Vaults:2 | Lost mutation: You are somewhat resistant to further mutation. [potion of mutation]
 30672 | Vaults:2 | Lost mutation: You are robust. (+10% HP) [potion of mutation]
 30672 | Vaults:2 | Gained mutation: You are robust. (+10% HP) [potion of mutation]
 30672 | Vaults:2 | Gained mutation: Your movements are slightly less encumbered by armour. (ER -2) [potion of mutation]
 30672 | Vaults:2 | Gained mutation: You are occasionally teleported next to monsters. [potion of mutation]
 30672 | Vaults:2 | Gained mutation: You have a somewhat thin skeletal structure. (Dex +2, Stealth) [potion of mutation]
 30911 | Vaults:2 | Lost mutation: You are occasionally teleported next to monsters. [potion of mutation]
 30911 | Vaults:2 | Lost mutation: Your movements are slightly less encumbered by armour. (ER -2) [potion of mutation]
 30911 | Vaults:2 | Gained mutation: You are very robust. (+20% HP) [potion of mutation]
 30911 | Vaults:2 | Gained mutation: You are weak. (Str -2) [potion of mutation]
 30911 | Vaults:2 | Gained mutation: You expend magic power (3 MP) to strengthen your wands. [potion of mutation]
 31544 | Vaults:3 | Found Naxtis's General Store.
 31552 | Vaults:3 | Bought a potion of curing for 51 gold pieces
 31552 | Vaults:3 | Bought a potion of agility for 68 gold pieces
 31651 | Vaults:3 | Found a ruined gateway.
 31660 | Desolati | Entered the Desolation of Salt
 31695 | Desolati | Reached skill level 15 in Fighting
 31695 | Desolati | Reached skill level 10 in Spellcasting
 31862 | Desolati | Identified the ring of Myc Ziwn {-Tele rElec rF+ SInv} (You found it in the Desolation of Salt)
 31935 | Desolati | Found the +9 sword of Zonguldrok {reap}
 32235 | Desolati | Identified the Guide on Freezing Transmigration
 32423 | Desolati | Reached skill level 1 in Long Blades
 32530 | Desolati | Identified the +1 pair of boots of Duomiog {rPois} (You found it in the Desolation of Salt)
 32544 | Desolati | Identified the Papyrus of Enhancements
 33353 | Vaults:3 | Reached skill level 5 in Long Blades
 33433 | Vaults:3 | Noticed Frederick
 33451 | Vaults:3 | Killed Frederick
 33544 | Vaults:3 | HP: 5/223 [stone giant (38)]
 33546 | Vaults:3 | Annihilated by a stone giant (illusionary)

Skill      XL: |  1  2  3  4  5  6  7  8  9 10 11 12 13 14 15 16 17 18 19 |
---------------+----------------------------------------------------------+-----
Fighting       | 3 4 5 6 7 9 10 11 12 13 14 15 | 15.2
Axes           | 3 4 5 6 7 8 10 11 12 13 14 | 14.4
Armour         | 4 5 7 8 9 10 11 12 13 14 15 17 | 17.7
Shields        | 4 5 7 8 9 10 11 12 13 14 15 16 17 | 17.6
Spellcasting   | 1 4 7 8 9 10 | 10.4
Evocations     | 3 5 7 8 |  8.5
Invocations    | 4 9 10 | 10.4
Dodging        | 2 5 7 10 11 | 11.0
Long Blades    | 6 |  6.2

Action                   |  1- 3 |  4- 6 |  7- 9 | 10-12 | 13-15 | 16-18 | 19-21 || total
-------------------------+-------+-------+-------+-------+-------+-------+-------++-------
Melee: War axe           |   155 |   138 |       |       |       |       |       ||   293
       Hand axe          |       |    31 |   381 |   723 |  1952 |  2664 |   721 ||  6472
       Double sword      |       |       |       |       |       |       |   166 ||   166
Invok: Lesser Servant of |       |       |       |     2 |    48 |    81 |    16 ||   147
 Abil: Heal Wounds       |     1 |     5 |    12 |    23 |     9 |    34 |     9 ||    93
Evoke: Wand              |       |       |       |     6 |     3 |    14 |       ||    23
       Lightning rod     |       |       |       |       |     2 |     7 |       ||     9
  Use: Scroll            |     4 |       |     7 |    15 |    14 |    11 |     5 ||    56
       Potion            |       |     4 |     1 |    10 |     2 |    14 |     2 ||    33
 Stab: Sleeping          |       |     1 |       |       |       |       |       ||     1
       Paralysed         |       |       |       |     3 |       |       |       ||     3
       Distracted        |       |       |       |       |    11 |    15 |    12 ||    38
       Petrified         |       |       |       |       |     1 |       |       ||     1
       Invisible         |       |       |       |       |       |     8 |       ||     8
       Confused          |       |       |       |       |       |     1 |       ||     1
  Eat: Chunk             |     1 |     4 |    12 |    10 |    29 |    20 |     4 ||    80
       Ration            |       |       |     3 |     1 |     2 |     5 |     2 ||    13
Armor: Scale mail        |    65 |       |       |       |       |       |       ||    65
       Plate armour      |    21 |   113 |   157 |   337 |   652 |       |       ||  1280
       Ice dragon scales |       |       |       |       |   332 |  1227 |   232 ||  1791
Dodge: Dodged            |    52 |    36 |    51 |   147 |   480 |  1252 |   370 ||  2388
Block: Shield            |    71 |    88 |   195 |   433 |  1290 |  2391 |   755 ||  5223
       Reflection        |       |       |       |       |    46 |    18 |    27 ||    91
       Other             |       |       |       |       |       |     3 |       ||     3
       Rpst.: Double sword |       |       |       |       |       |       |    33 ||    33
